Map: Abyssal Reef LE

Players

Bly - Winner!

  • Race: Zerg Zerg
  • Spawn Location: 5:00

AiLillekanin (Lillekanin)

  • Race: Terran Terran
  • League: Master
  • Spawn Location: 11:00

Event: WESG Barcelona European Finals 2017

VOD

Have the link to the VOD?

Description

Time

  • Played on: Nov. 23, 2017, 7 a.m.
  • Length: 10:27

All games in this series

Show
View Real Time Build Order
Export as new Build Order

Bly Zerg - Winner!

Build Orders: Pool First 

Get SALT Encoding   

  12  0:01  Drone  
  13  0:12  Overlord  
  13  0:18  Drone  
  14  0:31  Drone x2  
  16  0:41  Spawning Pool  
  15  0:46  Drone  
  15  0:48  Drone  
  17  1:10  Hatchery  
  16  1:14  Drone  
  17  1:23  Drone, Extractor  
  17  1:29  Zergling x2  
  17  1:31  Queen  
  20  1:37  Drone  
  21  1:47  Overlord  
  21  1:59  Drone  
  22  2:06  Drone  
  22  2:07  Queen  
  25  2:16  Drone  
  25  2:26  Drone x2  
  25  2:28  Metabolic Boost  
  25  2:29  Queen  
  29  2:32  Drone  
  29  2:36  Drone  
  31  2:39  Drone  
  32  2:50  Overlord  
  32  2:54  Drone  
  32  2:55  Drone x2  
  35  3:08  Hatchery  
  35  3:11  Drone x2  
  35  3:12  Drone  
  37  3:19  Drone x2  
  39  3:20  Overlord  
  39  3:25  Queen  
  41  3:35  Zergling x4  
  43  3:42  Zergling x2  
  43  3:43  Zergling x2  
  45  3:56  Drone x7  
  45  3:58  Extractor  
  45  4:00  Queen, Roach Warren  
  52  4:08  Overlord  
  52  4:09  Overlord  
  52  4:25  Drone x3  
  52  4:26  Drone x2  
  57  4:33  Zergling x6  
  57  4:34  Zergling x6  
  63  4:51  Roach  
  63  4:52  Roach x3  
  71  4:56  Roach  
  73  5:01  Overlord x2  
  73  5:04  Overlord  
  73  5:11  Overlord  
  73  5:12  Spore Crawler  
  71  5:18  Roach, Overlord x2  
  71  5:20  Overlord  
  73  5:27  Roach x2  
  73  5:28  Roach x3  
  81  5:37  Roach x4  
  81  5:38  Roach  
  81  5:39  Lair  
  81  5:41  Extractor  
  90  5:55  Zergling x2  
  90  5:56  Zergling x14  
  98  6:00  Drone x2  
  100  6:08  Ravager x2  
  100  6:09  Ravager  
  100  6:24  Zergling x2, Ravager x2  
  100  6:25  Zergling x18  
  112  6:28  Drone x2  
  112  6:32  Zergling x4  
  106  6:53  Drone  
  97  7:02  Drone x2  
  97  7:03  Drone x7  
  97  7:06  Extractor  
  97  7:07  Extractor  
  96  7:08  Hydralisk Den  
  96  7:10  Drone  
  96  7:11  Drone x4, Hatchery  
  96  7:13  Evolution Chamber  
  96  7:14  Ravager x4  
  96  7:15  Ravager  
  97  7:16  Drone x2  
  97  7:17  Drone x4  
  88  7:33  Drone x3  
  88  7:36  Drone x3  
  82  7:41  Drone x2  
  82  7:42  Spire  
  82  7:43  Drone x3  
  82  7:44  Extractor  
  79  7:53  Roach x3  
  79  7:57  Hatchery, Glial Reconstitution  
  79  7:58  Roach  
  86  8:02  Roach x2  
  86  8:05  Spore Crawler  
  89  8:06  Overseer, Spore Crawler  
  89  8:08  Spore Crawler  
  89  8:10  Roach x3  
  93  8:24  Roach x10  
  113  8:33  Zerg Missile Weapons Level 1  
  113  8:34  Overlord  
  113  8:40  Drone x5  
  118  8:41  Drone  
  118  8:44  Drone  
  118  8:45  Drone x4, Extractor  
  118  8:48  Overlord  
  123  8:49  Extractor  
  123  8:51  Overlord  
  122  8:56  Spore Crawler  
  119  9:15  Mutalisk x8  
  135  9:29  Mutalisk x3  
  135  9:31  Overlord  
  141  9:47  Overlord  
  141  9:48  Overlord x4  
  141  9:51  Infestation Pit  
  140  9:58  Hydralisk  
  140  9:59  Overlord  
Show
View Real Time Build Order
Export as new Build Order

AiLillekanin Terran 

Build Orders: Liberator Opening, Mech 

Get SALT Encoding   

  12  0:01  SCV  
  13  0:13  SCV  
  14  0:18  Supply Depot  
  14  0:25  SCV  
  15  0:30  Refinery  
  15  0:39  SCV  
  16  0:45  Barracks  
  16  0:51  SCV  
  17  1:03  SCV  
  18  1:15  SCV  
  20  1:33  Orbital Command  
  20  1:34  Reaper  
  20  1:48  Command Center  
  20  2:00  Factory, SCV  
  20  2:08  Barracks Reactor  
  20  2:12  SCV  
  20  2:15  Refinery  
  21  2:25  SCV  
  21  2:29  Supply Depot  
  22  2:37  SCV  
  23  2:49  Starport  
  23  2:50  SCV, Marine x2  
  26  3:01  Orbital Command  
  26  3:02  SCV  
  27  3:06  Cyclone  
  27  3:10  Marine  
  31  3:13  Marine  
  31  3:15  SCV  
  33  3:25  Medivac  
  35  3:27  SCV  
  35  3:28  SCV  
  37  3:36  Supply Depot  
  37  3:40  SCV x2  
  39  3:44  Liberator  
  39  3:50  Hellion x2  
  39  3:52  SCV x2  
  45  3:59  Supply Depot  
  48  4:04  SCV x2  
  48  4:09  Supply Depot  
  50  4:14  Hellion  
  50  4:16  SCV x2  
  54  4:21  Hellion  
  56  4:28  SCV  
  57  4:36  Supply Depot, Command Center  
  57  4:45  SCV  
  58  4:48  Starport Tech Lab  
  58  4:51  SCV  
  59  4:55  Hellion x2  
  59  4:57  SCV  
  62  5:00  Factory  
  62  5:06  SCV  
  62  5:07  Cloaking Field, Banshee  
  62  5:10  SCV  
  66  5:14  Refinery  
  66  5:15  Refinery  
  66  5:16  Hellion  
  68  5:23  Hellion  
  68  5:26  SCV  
  71  5:30  SCV  
  63  5:38  SCV  
  63  5:39  Armory  
  63  5:40  Factory  
  63  5:42  SCV  
  63  5:48  Factory Tech Lab  
  63  5:49  Orbital Command  
  63  5:50  SCV  
  63  5:52  Banshee  
  63  5:54  SCV  
  68  5:59  Hellion x2  
  68  6:02  SCV  
  68  6:04  Supply Depot  
  73  6:06  SCV  
  74  6:12  Siege Tank  
  77  6:20  Armory  
  77  6:21  SCV  
  75  6:28  Factory Tech Lab  
  75  6:44  Siege Tank  
  57  6:58  Siege Tank  
  57  7:00  Hellion x2  
  50  7:08  Banshee  
  50  7:14  SCV  
  46  7:16  Siege Tank  
  47  7:23  Orbital Command  
  47  7:27  SCV  
  46  7:30  Hellbat  
  48  7:38  Factory Reactor  
  48  7:39  SCV  
  48  7:42  Terran Vehicle Weapons Level 1  
  45  7:44  Hellion x2  
  45  7:49  Hellbat  
  45  7:51  SCV  
  48  7:53  SCV  
  49  8:03  SCV  
  49  8:04  Viking, Orbital Command  
  49  8:05  SCV  
  53  8:15  SCV  
  53  8:17  SCV  
  55  8:20  Terran Vehicle And Ship Armor Level 1  
  55  8:27  SCV  
  55  8:29  SCV x2  
  56  8:39  Thor, SCV  
  61  8:41  SCV x2  
  63  8:51  SCV  
  63  8:53  SCV x2, Banshee  
  69  9:03  SCV  
  69  9:05  SCV x2, Hellion  
  74  9:12  Refinery  
  74  9:13  Refinery  
  74  9:15  SCV  
  75  9:17  SCV  
  75  9:18  SCV  
  77  9:35  Supply Depot  
  77  9:36  Supply Depot  
  77  9:38  Supply Depot  
  77  9:39  Thor, SCV x3  
  83  9:51  SCV x2  
  83  9:52  Refinery  
  85  9:57  Engineering Bay, Hellion x2  
  95  10:02  SCV  
  95  10:03  SCV x2  
Tags
 
Add a new tag
Caveats
  • Supply blocks, unpowered buildings, or Contaminate may cause inaccurate times.
  • Supply counts are checked every 10 seconds.